 Dungeon Crawl Stone Soup version 0.31-a0-271-gb88eb75e06 (webtiles) character file.

Game seed: 1739619426455411138

536 cforsyth the Ruffian (level 7, 0/55 HPs)
             Began as a Meteoran Shapeshifter on July 14, 2023.
             Was an Initiate of Makhleb.
             Slain by a gnoll
             ... wielding a +0 club
             ... led by a gnoll sergeant
              (8 damage)
             ... while paralysed by Grinder
             ... on level 5 of the Dungeon.
             The game lasted 00:08:53 (1982 turns).

cforsyth the Ruffian (Meteoran Shapeshifter)        Turns: 1982, Time: 00:08:53

Health: 0/55       AC:  2    Str: 19    XL:     7   Next: 80%
Magic:  8/8        EV:  2    Int:  9    God:    Makhleb [......]
Gold:   106        SH:  0    Dex: 15    Spells: 6/6 levels left

rFire   . .          .
                       - Unarmed
rCold   . . .        (no shield)
rNeg    . . .        a - +0 animal skin
rPois   +            (helmet currently unavailable)
rElec   .            (cloak currently unavailable)
rCorr   .            (gloves currently unavailable)
SInv    .            (boots currently unavailable)
Will    .....        (no amulet)
Stlth   +            q - ring of poison resistance
HPRegen 0.29/turn    (no ring)
MPRegen 0.11/turn

%: no passive effects
@: paralysed, beast-form, glowing
A: beast (slay +4), sense surroundings 1, otherworldly, glowing, explore regen
a: Begin Untransformation, Renounce Religion


You were on level 5 of the Dungeon.
You worshipped Makhleb.
Makhleb was noncommittal.
You were a hulking beast.
You visited 2 branches of the dungeon, and saw 7 of its levels.
You also visited: Sewer.

You collected 106 gold pieces.

Inventory:

Armour
 a - a +0 animal skin (worn)
Jewellery
 q - a ring of poison resistance (left hand)
Talismans
 c - a beast talisman
Scrolls
 e - 2 scrolls of enchant weapon {unknown}
 g - 3 scrolls of teleportation {unknown}
 h - 3 scrolls of enchant armour {unknown}
 j - a scroll of amnesia {unknown}
 m - 4 scrolls of identify {unknown}
 n - a scroll of vulnerability {unknown}
 p - a scroll of fog {unknown}
Potions
 b - 2 potions of lignification
 d - a potion of heal wounds {unknown}
 f - a potion of attraction {unknown}
 i - a potion of cancellation {unknown}
 k - a potion of mutation {unknown}
 l - a potion of haste {unknown}
 o - a potion of might {unknown}


   Skills:
 - Level 2.1 Fighting
 - Level 2.4 Dodging
 + Level 6.7 Unarmed Combat
 + Level 6.4 Shapeshifting


You had 6 spell levels left.
You didn't know any spells.
Your spell library contained the following spells:

 Spells                   Type           Power      Damage    Failure   Level
 Shock                    Conj/Air       0%         1d3       38%         1
 Swiftness                Air            0%         N/A       77%         3
 Vhi's Electric Charge    Tloc/Air       0%         N/A       77%         3
 Airstrike                Air            0%         2d(0-16)  99%         4
 Arcjolt                  Conj/Air       0%         1d10      100%        5
 Maxwell's Capacitive Co  Air            0%         ∞         100%        8


Dungeon Overview and Level Annotations

Branches:
Dungeon (6/15) Zot: 1915   Temple (1/1) D:4 Zot: 575   Sewer (visited)

Altars:
Hepliaklqana
Kikubaaqudgha
Makhleb
Nemelex Xobeh
Uskayaw
Zin
The Shining One

Annotations:
D:5 Grinder


Innate Abilities, Weirdness & Mutations

You are a hulking beast.
Your limbs bulge with bestial killing power. (Slay +4)
You passively map a small area around you.
You are easily found by Zot.
You glow in the dark.
You regain HP and MP as you explore.


Message History

A gnoll comes into view. It is wielding a +0 flail.
A gnoll comes into view. It is wielding a +0 whip.
The gnoll shouts!
You punch the gnoll!
The gnoll is almost dead.
The gnoll closely misses you.
A gnoll sergeant comes into view. It is wielding a +0 spear.
The gnoll sergeant shouts!
You punch the gnoll!
You kill the gnoll!
Makhleb accepts your kill.
A gnoll comes into view. It is wielding a +0 club.
The gnoll shouts!
The gnoll hits you with a +0 flail!
You see here a +0 whip.
You punch the gnoll!
The gnoll is heavily wounded.
You closely miss the gnoll.
The gnoll is heavily wounded.
The gnoll hits you with a +0 flail.
You punch the gnoll!
You kill the gnoll!
Makhleb accepts your kill.
Grinder says, "There's only one good use for a tongue: cutting it out."
Grinder gestures at you.
You suddenly lose the ability to move!
Grinder gestures at you. You resist with some effort.
The gnoll sergeant hits you from afar with a +0 spear.
Grinder gestures at you. You resist with some effort.
The gnoll sergeant hits you from afar with a +0 spear!
Grinder blinks!
The gnoll sergeant hits you from afar with a +0 spear.
Grinder hits you.
* * * LOW HITPOINT WARNING * * *
You writhe in agony.
* * * LOW HITPOINT WARNING * * *
The gnoll hits you with a +0 club!
You die...

### #.# #.# ##.####
......############ ##########
...............5.# #........#
##.#############h# #........#
##.####### ####g###........#####
##....... #...g.##...<.........
##.....# #.....''.............
##.....# ###...>.##...##########
##.....####.'.....#####..........
....†.......#.....# ####...#...#.
...########.#.....# #............
...# * #.####.## #.##...#...#.


You could see Grinder, a gnoll sergeant and a gnoll.

Vanquished Creatures
  A black bear (D:5)
  2 scorpions
  2 hounds
  An iguana (D:5)
  5 river rats (Sewer)
  12 adders
  2 gnolls (D:5)
  A white imp (D:3)
  2 worms
  2 dart slugs
  An orc (D:4)
  A bat (D:1)
  6 endoplasms
  3 giant cockroaches
  3 goblins
  3 hobgoblins
  A kobold (D:4)
  3 quokkas
  9 ball pythons
  6 frilled lizards (Sewer)
  8 rats
74 creatures vanquished.

Notes
Turn   | Place    | Note
-------+----------+-------------------------------------------
     0 | D:1      | cforsyth the Meteoran Shapeshifter began the quest for the
                  | Orb.
     0 | D:1      | Reached XP level 1. HP: 17/17 MP: 2/2
    78 | D:1      | Reached XP level 2. HP: 19/24 MP: 3/3
   490 | D:2      | Reached XP level 3. HP: 28/29 MP: 4/4
   681 | D:3      | Reached XP level 4. HP: 22/36 MP: 5/5
   791 | D:3      | Found a glowing drain.
   842 | D:3      | Reached XP level 5. HP: 41/41 MP: 6/6
   853 | Sewer    | Entered a sewer
   939 | Sewer    | Reached skill level 5 in Shapeshifting
   979 | Sewer    | HP: 2/41 [adder (3)]
  1074 | Sewer    | Reached XP level 6. HP: 29/48 MP: 7/7
  1125 | Sewer    | Reached skill level 5 in Unarmed Combat
  1479 | D:4      | Found a staircase to the Ecumenical Temple.
  1488 | Temple   | Entered the Ecumenical Temple
  1500 | Temple   | Became a worshipper of Makhleb the Destroyer
  1580 | D:4      | Noticed an ogre
  1590 | D:4      | Noticed an ogre
  1623 | D:5      | Entered Level 5 of the Dungeon
  1698 | D:4      | Reached XP level 7. HP: 50/55 MP: 8/8
  1855 | D:5      | Found a glowing silver altar of Zin.
  1918 | D:5      | Noticed Grinder
  1931 | D:5      | Paralysed by Grinder for 2 turns
  1978 | D:5      | Paralysed by Grinder for 5 turns
  1982 | D:5      | Slain by a gnoll

Illustrated notes

Levels and vault maps discovered:
D:1:      minmay_arrival_glassed_features, layout_basic,
          shapermc_ecumenical_altar_flowoftime
D:2:      layout_loops_corners, uniq_terence
D:3:      wad_lake_hut, layout_loops_ring, gup_sewer_entry_glass,
          kennysheep_generic_room_14
D:4:      layout_basic, jmf_multi_god_temple,
          minmay_temple_entry_statues_fountains
D:5:      layout_basic, lemuel_coloured_pillars_altar, amcnicky_altar_gilded,
          serial_corexii_hall, corexii_hall_statues_t, corexii_hall_statues_x,
          uniq_grinder, uniq_duvessa
D:6:      layout_layer_cave, serial_shops, shop, uniq_menkaure
Temple:   mainiacjoe_temple_coin_purse

Skill      XL: |  1  2  3  4  5  6  7 |
---------------+----------------------+-----
Unarmed Combat | 3 4 5 6 |  6.7
Shapeshifting  | 4 5 6 |  6.4
Fighting       | |  2.1
Dodging        | |  2.4

Action                     |  1- 3 |  4- 6 |  7- 9 || total
---------------------------+-------+-------+-------++-------
  Melee: Unarmed           |    57 |   163 |    37 ||   257
         Punch             |     1 |     3 |     3 ||     7
    Use: Potion            |       |     4 |       ||     4
 Armour: Animal skin       |    18 |    15 |     9 ||    42
         Skin              |       |    41 |       ||    41
  Dodge: Dodged            |    35 |    67 |    11 ||   113

Table legend: (Time is in decaauts)
 A = Elapsed time spent in this place.
 B = Non-inter-level travel time spent in this place.
 C = Inter-level travel time spent in this place.
 D = Time resting spent in this place.
 E = Time spent auto-exploring this place.
 F = Levels seen in this place.
 G = Mean time per level.
                   A        B        C        D        E       F      G
               +--------+--------+--------+--------+--------+-----+--------+
         Total |   2027 |   1983 |     44 |      5 |     18 |   8 |  253.4 |
       Dungeon |   1683 |   1651 |     32 |      5 |      0 |   6 |  280.5 |
        Temple |     24 |     12 |     12 |      0 |      1 |   1 |   24.0 |
         Sewer |    319 |    319 |      0 |      0 |     17 |   1 |  319.0 |
               +--------+--------+--------+--------+--------+-----+--------+

Top non-repeatable levels by time:
     D:3: 511 daAuts
     D:1: 382 daAuts
   Sewer: 319 daAuts
     D:2: 280 daAuts
     D:4: 269 daAuts
     D:5: 215 daAuts
  Temple: 24 daAuts
     D:6: 24 daAuts
